 Dungeon Crawl Stone Soup version 0.24.1 (webtiles) character file.

Game seed: 8441402656977039858, levelgen mode: deterministic

319406 4FPSwarrior the Protected (level 22, 0/151 HPs)
             Began as a Human Wanderer on Mar 20, 2020.
             Was a High Priest of Hepliaklqana.
             Killed from afar by a deep elf sorcerer (illusionary) (15 damage)
             ... with a bolt of acid
             ... on level 3 of the Abyss on Mar 27, 2020.
             The game lasted 05:19:18 (67537 turns).

4FPSwarrior the Protected (Human Wanderer)         Turns: 67537, Time: 05:19:18

Health: 0/151      AC: 21    Str: 25    XL:     22   Next: 43%
Magic:  29/31      EV: 23    Int: 15    God:    Hepliaklqana [*****.]
Gold:   1231       SH: 30    Dex: 28    Spells: 15/32 levels left

rFire    + + .     SeeInvis .   P - +4 demon trident (pain)
rCold    . . .     Gourm    +   w - +10 large shield of Ignorance {rN+ Int-4}
rNeg     + + .     Faith    .   O - +0 fire dragon scales
rPois    +         Spirit   .   (no helmet)
rElec    +         Reflect  .   t - +2 cloak {rPois}
rCorr    .         Harm     .   j - +2 pair of gloves {Str+3}
MR       +....                  R - +0 pair of boots
Stlth    +++++.....             C - amulet "Uggoarot" {Gourm rElec Dex+4}
HPRegen  0.35/turn              u - ring of positive energy
MPRegen  0.22/turn              G - ring "Riwnodd" {+Fly rElec Int+3 Dex+4}

@: mighty, agile
A: reduced essence, hooves 1, cold resistance 1, sense surroundings 1
}: 2/15 runes: decaying, gossamer
a: Recall Ancestor, Ancestor Identity, Transference, Idealise, Renounce
Religion, Evoke Flight


You were on level 3 of the Abyss.
You worshipped Hepliaklqana.
Hepliaklqana was extremely pleased with you.
You were very full.

You visited 9 branches of the dungeon, and saw 38 of its levels.
You visited the Abyss 1 time.
You visited 1 bazaar.
You also visited: Ossuary, Ice Cave and Volcano.

You collected 4718 gold pieces.
You spent 3487 gold pieces at shops.

Inventory:

Hand Weapons
 M - a +0 demon trident of flaming
 P - a +4 demon trident of pain (weapon)
Missiles
 v - 15 javelins (quivered)
Armour
 d - a +1 ring mail of magic resistance
 j - a +2 pair of gloves of strength (worn)
 t - a +2 cloak of poison resistance (worn)
 w - the +10 large shield of Ignorance (worn) {rN+ Int-4}
   (You acquired it on level 4 of the Swamp)

   It affects your intelligence (-4).
   It protects you from negative energy.
 z - the +7 ice dragon scales of the Tired Coins {*Contam +Blink rF- rC++ MR+ MP+9}
   (You found it in an ice cave)

   It makes you vulnerable to fire.
   It greatly protects you from cold.
   It affects your resistance to hostile enchantments.
   It affects your magic capacity (+9).
   It lets you blink.
   It causes magical contamination when unequipped.
 O - +0 fire dragon scales (worn)
 R - a +0 pair of boots (worn)
Jewellery
 h - a +4 ring of evasion
 s - an uncursed ring of resist corrosion
 u - a ring of positive energy (left hand)
 C - the amulet "Uggoarot" (around neck) {Gourm rElec Dex+4}
   (You found it on level 4 of the Lair of Beasts)

   [amulet of the gourmand]

   It allows you to eat raw meat even when not hungry.
   It affects your dexterity (+4).
   It insulates you from electricity.
 G - the ring "Riwnodd" (right hand) {+Fly rElec Int+3 Dex+4}
   (You found it on level 4 of the Lair of Beasts)

   [ring of flight]

   It affects your intelligence (+3).
   It affects your dexterity (+4).
   It insulates you from electricity.
   It lets you fly.
Wands
 c - a wand of iceblast (8)
 i - a wand of paralysis (5)
 Q - a wand of disintegration (25)
 S - a wand of acid (5)
 T - a wand of enslavement (23)
 W - a wand of flame (66)
 Y - a wand of polymorph (12)
Scrolls
 b - 12 scrolls of enchant armour
 n - 5 scrolls of identify
 p - 3 scrolls of vulnerability
 q - 26 scrolls of remove curse
 r - 4 scrolls of fear
 A - a scroll of fog
 E - a scroll of enchant weapon
 F - 16 scrolls of teleportation
 L - a scroll of magic mapping
Potions
 a - 10 potions of cancellation
 l - 2 potions of resistance
 o - 8 potions of haste
 x - 6 potions of lignification
 B - 8 potions of flight
 H - 3 potions of magic
 I - 6 potions of agility
 K - a potion of mutation
 N - 3 potions of curing
 U - 3 potions of might
 V - 6 potions of brilliance
Miscellaneous
 e - a phial of floods (inert)
 y - a lightning rod (inert)
Comestibles
 f - 59 rations


   Skills:
 + Level 12.8 Fighting
 + Level 11.6 Polearms
   Level 3.0 Bows
 + Level 12.9 Armour
 + Level 11.5 Dodging
 - Level 11.8 Stealth
 * Level 11.4 Shields
 + Level 5.8 Spellcasting
 * Level 9.5 Conjurations
 - Level 4.0 Charms
 - Level 12.0 Necromancy
 - Level 8.0 Fire Magic
 * Level 7.8 Earth Magic
 + Level 12.5 Invocations
 + Level 12.8 Evocations


You had 15 spell levels left.
You knew the following spells:

 Your Spells              Type           Power        Failure   Level  Hunger
a - Pain                  Necr           ####         1%          1    None
b - Vampiric Draining     Necr           #####.....   4%          3    ###....
c - Bolt of Magma         Conj/Fire/Erth ####......   86%         5    ######.
d - Bolt of Draining      Conj/Necr      #####.....   54%         5    ######.
e - Regeneration          Chrm/Necr      ####......   22%         3    ###....

Your spell library contained the following spells:

 Spells                   Type           Power        Failure   Level  Hunger
 Animate Skeleton         Necr           N/A          1%          1    None
 Corpse Rot               Necr           N/A          1%          2    #......
 Sublimation of Blood     Necr           #####.....   1%          2    #......
 Sandblast                Erth           ####..       8%          1    None
 Animate Dead             Necr           N/A          14%         4    ####...
 Stone Arrow              Conj/Erth      ####..       16%         3    ###....
 Shock                    Conj/Air       ###.         26%         1    None
 Sting                    Conj/Pois      ###.         26%         1    None
 Agony                    Necr           #####...     36%         5    ######.
 Dispel Undead            Necr           #####...     36%         5    ######.
 Passwall                 Tmut/Erth      ###.....     50%         2    #......
 Dazzling Spray           Conj/Hex       ###...       63%         3    ###....
 Static Discharge         Conj/Air       ###.....     63%         3    ###....
 Inner Flame              Hex/Fire       ###.....     73%         3    ###....
 Swiftness                Chrm/Air       ##......     77%         2    #......
 Mephitic Cloud           Conj/Pois/Air  ##......     83%         3    ###....
 Beastly Appendage        Tmut           #.....       88%         1    None
 Corona                   Hex            #......      88%         1    None
 Excruciating Wounds      Chrm/Necr      ####......   89%         5    ######.
 Lee's Rapid Deconstruct  Erth           ####......   91%         5    ######.
 Ensorcelled Hibernation  Hex/Ice        #.....       96%         2    #......
 Poisonous Vapours        Pois/Air       #.....       96%         2    #......
 Slow                     Hex            #.......     96%         2    #......
 Sticks to Snakes         Tmut           #.......     96%         2    #......
 Iskenderun's Battlesphe  Conj/Chrm      ###.....     97%         5    ######.
 Leda's Liquefaction      Hex/Erth       ###.......   98%         4    ####...
 Petrify                  Tmut/Erth      ###.....     98%         4    ####...
 Confuse                  Hex            #.......     99%         3    ###....
 Portal Projectile        Hex/Tloc       #.....       99%         3    ###....
 Spider Form              Tmut/Pois      #.........   99%         3    ###....
 Tukima's Dance           Hex            #.......     99%         3    ###....
 Airstrike                Air            #.........   100%        4    ####...
 Cause Fear               Hex            #.........   100%        4    ####...
 Ice Form                 Ice/Tmut       #.......     100%        4    ####...
 Olgreb's Toxic Radiance  Pois           #.......     100%        4    ####...
 Blade Hands              Tmut           #.........   100%        5    ######.
 Lightning Bolt           Conj/Air       ###.......   100%        5    ######.
 Metabolic Englaciation   Hex/Ice        #.........   100%        5    ######.
 Venom Bolt               Conj/Pois      ###.......   100%        5    ######.
 Bolt of Cold             Conj/Ice       ###.......   100%        6    #######
 Freezing Cloud           Conj/Ice/Air   ##........   100%        6    #######
 Iron Shot                Conj/Erth      ####......   100%        6    #######
 Ozocubu's Refrigeration  Ice            #.........   100%        6    #######
 Simulacrum               Ice/Necr       ###.......   100%        6    #######
 Orb of Destruction       Conj           ####......   100%        7    #######
 Spellforged Servitor     Conj/Summ      ###.......   100%        7    #######


Dungeon Overview and Level Annotations

Branches:
Dungeon (15/15)            Temple (1/1) D:4            Lair (6/6) D:8
  Swamp (4/4) Lair:3       Spider (4/4) Lair:3        Slime (0/5) Lair:5
    Orc (2/2) D:12            Elf (3/3) Orc:2        Vaults (1/5) D:13
 Depths (2/5) D:15        Ossuary (visited)           IceCv (visited)
Volcano (visited)

Altars:
Ashenzari
Cheibriados
Dithmenos
Elyvilon
Fedhas
Gozag
Hepliaklqana
Kikubaaqudgha
Makhleb
Nemelex Xobeh
Okawaru
Qazlal
Ru
Sif Muna
Trog
Uskayaw
Vehumet
Wu Jian
Xom
Yredelemnul
Zin
The Shining One
Jiyva

Shops:
D:9 ?[!   Orc:2 [!([   Elf:2 (

Portals:
Hell: Depths:1

Annotations:
D:2 exclusion: adder
D:5 Prince Ribbit
D:15 exclusions: door and 1 more exclusion
Lair:6 1 exclusion
Orc:1 3 runed translucent doors, Fukker's ghost, journeyman MiGl
Orc:2 exclusion: upstairs
Elf:2 3 runed translucent doors, exclusion: orange crystal statue
Elf:3 1 exclusion


Innate Abilities, Weirdness & Mutations

Your life essence is reduced to manifest your ancestor. (-10% HP)
You have large cloven feet.
Your flesh is cold resistant. (rC+)
You passively map a small area around you.


Message History

Octavia burns the shambling mangrove.
The hornet stings your shambling mangrove!
Your shambling mangrove seems to slow down.
Your shambling mangrove hits the hornet!
A satyr comes into view. It is wielding a +0 spear.
Okay, then.
Unknown command.
Evoke which item? (* to show all) (? for menu, Esc to quit)
Aiming: Phantom Mirror
Press: ? - help, Dir - move target cursor, f - rakshasa
Aim: a rakshasa, wielding a +1 long sword of flaming and wearing a +0 robe You reflect the rakshasa with the mirror, and the mirror shatters!
Your shambling mangrove is no longer moving slowly.
The deep elf sorcerer hits Octavia but does no damage.
Something hits Octavia!
Octavia blocks something's attack.
The hornet stings your shambling mangrove!
The deep elf sorcerer gestures at you while chanting.
The bolt of acid hits Octavia!
Octavia is splashed with acid!
The acid corrodes Octavia!
The bolt of acid hits you!
You die...

♣♣ ####
####
♣.c#...
...#


E.e'Rf. )φ.# #eeR#.fy# #@# ### You could see the friendly Octavia the knight, a
deep elf blademaster, a shambling mangrove, a rakshasa, a satyr, 2 deep elf
sorcerers, a water elemental, a hornet and a friendly shambling mangrove.

Vanquished Creatures
  Arachne (Spider:4)
  A lich (Depths:1)
  A deep elf blademaster (Elf:3)
  Asterion (Vaults:1)
  Agnes (Spider:1)
  2 vault wardens (Vaults:1)
  A ghost moth (Spider:4)
  3 deep elf sorcerers
  A frost giant (Depths:1)
  Louise (Swamp:4)
  2 deep elf elementalists (Elf:3)
  4 emperor scorpions
  3 stone giants (Depths:1)
  An entropy weaver (Spider:4)
  2 deep elf annihilators
  3 deep elf demonologists
  5 ettins
  Snorg (D:10)
  2 deep elf death magi
  Josephine (D:14)
  2 deep elf high priests
  2 great orbs of eyes (Vaults:1)
  6 vault guards
  Erolcha (D:9)
  A yaktaur captain (Depths:1)
  9 hydras
  4 fire dragons
  2 rakshasas (Depths:1)
  A spriggan air mage (Depths:2)
  A shambling mangrove (Abyss:3)
  3 centaur warriors
  An ice dragon (Depths:1)
  19 two-headed ogres
  5 alligators
  4 ogre magi
  10 death yaks
  2 dancing weapons
  An orc high priest (Orc:1)
  6 hell knights (Depths:2)
  2 spriggans
  9 deep elf knights
  A sixfirhy (Depths:1)
  3 deep trolls
  6 deep elf archers
  3 wizards
  A phantasmal warrior (Swamp:4)
  3 glowing orange brains
  2 spectral hydras (Swamp:4)
  A swamp dragon (shapeshifter) (Vaults:1)
  A necromancer (D:15)
  3 harpies (Vaults:1)
  A wolf spider zombie (D:15)
  14 orb spiders
  An orc sorcerer (Orc:2)
  An orc knight (Vaults:1)
  13 wolf spiders
  36 deep elf magi
  2 manticores
  A cyclops (Vaults:1)
  2 salamanders (Volcano)
  14 ugly things
  A naga mage (D:15)
  3 black mambas
  A gargoyle (D:11)
  2 ice statues (IceCv)
  A kobold demonologist (D:13)
  3 komodo dragons
  11 spiny frogs
  9 yaktaurs
  2 swamp worm zombies (Swamp:4)
  A freezing wraith (Vaults:1)
  3 demonic crawlers
  A hydra zombie (Swamp:4)
  A red devil (D:12)
  3 tengu conjurers
  26 jumping spiders
  2 trolls
  12 hornets
  A meliai (Spider:4)
  A blink frog (shapeshifter) (Vaults:1)
  A snapping turtle (D:11)
  5 tyrant leeches
  4 bog bodies
  3 hippogriffs
  6 slime creatures
  10 blink frogs
  A spectral swamp dragon (Swamp:4)
  A hippogriff (shapeshifter) (D:13)
  3 dream sheep (Lair:5)
  An air elemental (Elf:3)
  An alligator zombie (Swamp:4)
  A centaur simulacrum (D:15)
  3 water elementals
  55 redbacks
  30 yaks
  11 tarantellas
  A vampire (D:11)
  Sigmund (D:2)
  2 basilisks
  4 wraiths
  2 hogs (D:13)
  A human (shapeshifter) (Vaults:1)
  10 wyverns
  3 fire elementals
  A basilisk (shapeshifter) (Vaults:1)
  8 vampire mosquitoes
  2 humans
  11 swamp worms
  8 insubstantial wisps
  A warg (Orc:1)
  Edmund (D:6)
  A soldier ant (shapeshifter) (Elf:2)
  13 water moccasins
  Duvessa (D:4)
  A hell hound (D:12)
  7 porcupines
  5 ice beasts
  13 orc warriors
  An eye of draining (D:12)
  5 swamp drakes
  A sky beast (D:13)
  A meliai simulacrum (D:15)
  2 swamp dragon zombies (Swamp:4)
  3 black bears
  2 phantoms
  5 wolves (Lair:3)
  21 ogres
  7 boggarts
  2 necrophages
  3 centaurs
  9 crocodiles
  4 big kobolds
  9 bullfrogs
  3 earth elementals
  3 water moccasin zombies (Ossuary)
  3 scorpions
  12 killer bees
  4 wights
  4 howler monkeys
  A bullfrog zombie (D:11)
  3 crimson imps
  2 centaur zombies
  2 orc priests
  9 hounds
  3 jellies
  12 orc wizards
  A gnoll shaman (D:7)
  Terence (D:2)
  4 centaur skeletons
  3 iguanas
  Natasha (thrice) (D:4)
  2 spectral swamp drakes (Swamp:4)
  9 worker ants
  2 big kobold zombies (Ossuary)
  2 hound skeletons (D:8)
  2 mummies (Ossuary)
  A howler monkey zombie (D:5)
  A worker ant zombie (D:7)
  12 gnolls
  A howler monkey skeleton (D:4)
  21 adders
  A shadow imp (D:13)
  An ooze (D:5)
  4 adder zombies (Ossuary)
  3 adder skeletons
  4 worms
  3 dart slugs
  3 leopard geckos
  29 orcs
  7 giant cockroaches
  2 gnoll zombies (Ossuary)
  8 goblins
  11 hobgoblins
  11 jackals
  7 quokkas
  A ball python (D:3)
  7 bats
  6 frilled lizards
  5 hobgoblin zombies (Ossuary)
  A jackal skeleton (D:4)
  25 kobolds
  9 kobold zombies (Ossuary)
  2 leopard gecko skeletons
  4 orc zombies (Ossuary)
  A quokka skeleton (D:4)
  A quokka zombie (D:5)
  14 rats
  A plant (Lair:6)
926 creatures vanquished.

Vanquished Creatures (collateral kills)
  A bone dragon (Swamp:4)
  A deep elf master archer (Elf:3)
  2 deep elf blademasters (Elf:3)
  Kirke (D:13)
  2 thorn hunters
  3 emperor scorpions
  2 deep elf sorcerers
  2 fire giants (Depths:2)
  2 ghost moths (Spider:4)
  An ironheart preserver (Vaults:1)
  An entropy weaver (Spider:4)
  2 deep elf demonologists
  3 stone giants
  A dire elephant (shapeshifter) (Vaults:1)
  3 deep elf annihilators (Elf:3)
  3 vampire knights
  A spark wasp (Spider:4)
  Azrael (D:13)
  A deep elf death mage (Elf:2)
  2 ettins
  A merfolk impaler (Depths:1)
  2 fire dragons
  A yaktaur captain (Vaults:1)
  3 deep elf high priests (Elf:3)
  A great orb of eyes (Depths:2)
  2 rakshasas
  4 hydras
  2 vault guards (D:13)
  A hell beast (Depths:2)
  2 ice dragons
  2 ghost crabs (Swamp:4)
  2 centaur warriors (Vaults:1)
  A catoblepas (Lair:6)
  4 shambling mangroves
  7 dancing weapons
  5 two-headed ogres
  3 ogre magi
  A deep troll earth mage (Depths:2)
  9 alligators
  A tengu warrior (Depths:1)
  A spriggan berserker (Depths:2)
  A hell knight (Volcano)
  Sonja (Lair:2)
  5 deep elf knights
  A salamander mystic (Volcano)
  An unseen horror (D:11)
  2 swamp dragons
  2 ironbrand convokers (Vaults:1)
  A deep troll (Depths:2)
  An orange crystal statue (D:15)
  10 deep elf archers
  A lindwurm (shapeshifter) (Elf:3)
  2 spectral hydras (Swamp:4)
  An orc knight (Vaults:1)
  A phantasmal warrior (Swamp:4)
  A wizard (D:15)
  16 ugly things
  Pikel (D:4)
  2 cyclopes
  21 deep elf magi
  15 orb spiders
  13 wolf spiders
  2 harpies (Vaults:1)
  A mana viper (shapeshifter) (Vaults:1)
  2 oklob plants
  3 salamanders (Volcano)
  A manticore (Depths:2)
  An ice statue (IceCv)
  3 black mambas
  A guardian serpent (Lair:6)
  An elephant (shapeshifter) (D:15)
  A vault sentinel (Vaults:1)
  A gargoyle (D:13)
  A naga mage (D:15)
  A torpor snail (Spider:4)
  5 spiny frogs
  A centaur skeleton (D:15)
  A kobold demonologist (D:14)
  3 komodo dragons
  7 yaktaurs
  A komodo dragon (shapeshifter) (Depths:1)
  A hellion (Depths:1)
  3 swamp worm zombies (Swamp:4)
  5 demonic crawlers
  3 hydra zombies (Swamp:4)
  3 trolls
  2 meliai (Spider:4)
  A meliai (shapeshifter) (Vaults:1)
  A red devil (Depths:2)
  17 jumping spiders
  A tyrant leech (Swamp:1)
  A polar bear (Lair:5)
  A hornet (shapeshifter) (D:13)
  A spectral swamp dragon (Swamp:4)
  14 hornets
  2 dream sheep (Lair:6)
  3 slime creatures
  Grinder (D:5)
  7 blink frogs
  2 alligator zombies (Swamp:4)
  A hippogriff (D:9)
  4 bog bodies
  A vampire (D:12)
  2 wraiths (D:14)
  35 redbacks
  An air elemental (Elf:2)
  4 spriggans
  9 wyverns
  5 water elementals
  3 shadows
  2 basilisks
  A steam dragon (D:11)
  14 yaks
  17 tarantellas
  8 fire elementals
  A hungry ghost (D:7)
  12 vampire mosquitoes
  A hog (D:13)
  2 wargs (Orc:1)
  9 insubstantial wisps
  13 swamp worms
  2 porcupines
  17 water moccasins
  A swamp drake (Swamp:1)
  5 ice beasts
  6 orc warriors
  A swamp dragon zombie (Swamp:4)
  6 phantoms
  12 ogres
  A boggart (Elf:1)
  5 wolves (Lair:3)
  4 crocodiles
  A centaur (D:10)
  4 bullfrogs
  2 big kobolds (D:14)
  A gnoll sergeant (D:13)
  A wyvern zombie (D:11)
  2 earth elementals
  Dowan (D:4)
  9 killer bees
  11 wights
  3 jellies
  An electric eel (Spider:4)
  3 crimson imps
  2 centaur zombies
  A bullfrog zombie (D:11)
  A hound (D:8)
  7 orc wizards
  2 orc priests
  3 worker ants
  A statue (D:8)
  A hound zombie (D:11)
  6 gnolls
  4 adders
  A shadow imp (D:11)
  A worm (D:1)
  26 orcs
  4 jackals (D:8)
  5 kobolds
  A fungus (Lair:1)
  2 plants
607 creatures vanquished.

Vanquished Creatures (others)
  An emperor scorpion (Spider:4)
  A stone giant (Depths:2)
  A rakshasa (Vaults:1)
  A deep elf knight (Elf:2)
  2 deep elf archers (Elf:3)
  An orc sorcerer (Elf:3)
  3 deep elf magi
  2 yaktaurs (Depths:1)
  A queen bee (Spider:4)
  A tarantella (Spider:4)
  A human (D:13)
  A boggart (Depths:2)
  Blork the orc (D:4)
  An earth elemental (Spider:3)
  A wight (D:13)
  37 knights
  A worker ant (D:12)
  2 ancestors (D:7)
  An orc (D:12)
  25 fungi
  18 plants
103 creatures vanquished.

Grand Total: 1636 creatures vanquished

Notes
Turn   | Place    | Note
-------+----------+-------------------------------------------
     0 | D:1      | 4FPSwarrior the Human Wanderer began the quest for the Orb.
     0 | D:1      | 4FPSwarrior set off with the following items: a +0 dagger,
                  | a potion of lignification, a +0 robe, a phial of floods, a
                  | ration; and the following spell memorised: Pain; and the
                  | following spells available to memorise: Vampiric Draining
     0 | D:1      | Reached XP level 1. HP: 15/15 MP: 2/2
   232 | D:1      | Reached XP level 2. HP: 19/21 MP: 3/3
  1117 | D:1      | Reached skill level 1 in Necromancy
  1430 | D:1      | Reached XP level 3. HP: 23/26 MP: 0/4
  2617 | D:2      | Upgraded the game from 0.24.0-125-gc4c63601f3 to 0.24.1
  2638 | D:2      | Learned a level 3 spell: Vampiric Draining
  2962 | D:2      | Reached XP level 4. HP: 30/33 MP: 1/5
  3333 | D:2      | Noticed Sigmund
  3839 | D:2      | Noticed Terence
  3881 | D:2      | Killed Terence
  3881 | D:2      | Reached XP level 5. HP: 20/38 MP: 0/6
  4706 | D:3      | Found a blossoming altar of Fedhas.
  6020 | D:4      | Reached XP level 6. HP: 26/46 MP: 0/8
  6447 | D:4      | Gained mutation: You are dopey. (Int -2) [potion of
                  | mutation]
  6447 | D:4      | Gained mutation: You have large cloven feet. [potion of
                  | mutation]
  6447 | D:4      | Gained mutation: You have hoof-like feet. [potion of
                  | mutation]
  6448 | D:4      | HP: 2/47 [centaur (5)]
  6859 | D:4      | Found a staircase to the Ecumenical Temple.
  6859 | D:4      | Noticed Blork the orc
  6859 | D:4      | Noticed Pikel
  6859 | D:4      | Noticed a slave
  6859 | D:4      | Noticed a slave
  6859 | D:4      | Noticed a slave
  6859 | D:4      | Noticed a slave
  6877 | D:4      | Noticed Natasha
  6889 | D:4      | Killed Natasha
  6889 | D:4      | Reached XP level 7. HP: 33/52 MP: 7/9
  6892 | D:4      | Killed Pikel
  6898 | D:4      | Killed Blork the orc
  7140 | D:4      | Noticed Natasha
  7150 | D:4      | Killed Natasha
  7193 | Temple   | Entered the Ecumenical Temple
  7408 | Temple   | Became a worshipper of Hepliaklqana the Forgotten
  7459 | D:4      | Noticed Natasha
  7472 | D:4      | Killed Natasha
  7680 | D:4      | Noticed Duvessa
  7680 | D:4      | Noticed Dowan
  7699 | D:4      | Reached XP level 8. HP: 48/54 MP: 8/10
  7837 | D:2      | Killed Sigmund
  8240 | D:5      | Entered Level 5 of the Dungeon
  8252 | D:5      | Noticed Grinder
  8308 | D:5      | Noticed Prince Ribbit
  8954 | D:5      | Found a sand-covered staircase.
  8959 | Ossuary  | Entered an ossuary
  9771 | D:5      | Reached XP level 9. HP: 60/60 MP: 12/12
 10239 | D:6      | Reached skill level 5 in Fighting
 10249 | D:6      | Reached skill level 5 in Evocations
 10268 | D:5      | Reached skill level 5 in Armour
 10507 | D:6      | Found a sacrificial altar of Ru.
 10686 | D:6      | Noticed Edmund
 10713 | D:6      | Killed Edmund
 10713 | D:6      | Reached skill level 5 in Necromancy
 10819 | D:6      | Found a snail-covered altar of Cheibriados.
 11046 | D:6      | Found a stormy altar of Qazlal.
 11567 | D:7      | Reached skill level 5 in Stealth
 11721 | D:7      | Reached * piety under Hepliaklqana
 11793 | D:7      | Reached skill level 1 in Polearms
 12149 | D:7      | Reached XP level 10. HP: 48/68 MP: 14/14
 12260 | D:7      | You fall into a shaft and drop 3 floors!
 12260 | D:10     | Entered Level 10 of the Dungeon
 12612 | D:7      | Reached skill level 1 in Dodging
 12612 | D:7      | Reached skill level 1 in Invocations
 13216 | D:7      | Found an iron altar of Okawaru.
 13351 | D:8      | Found a staircase to the Lair.
 13730 | D:8      | Found a radiant altar of Vehumet.
 14045 | D:8      | Reached ** piety under Hepliaklqana
 14046 | D:8      | Remembered your ancestor Octavia as a knight
 14589 | D:9      | Found Bockuoqa's Antique Armour Shop.
 14595 | D:9      | Bought a pair of embroidered gloves for 217 gold pieces
 14633 | D:9      | Found Noecuabb's Distillery.
 14641 | D:9      | Bought a potion of haste for 150 gold pieces
 14641 | D:9      | Bought a potion of agility for 60 gold pieces
 14641 | D:9      | Bought a potion of heal wounds for 75 gold pieces
 14710 | D:9      | Found a basalt altar of Yredelemnul.
 15141 | D:9      | Found Teaxaa's Magic Scroll Shop.
 15146 | D:9      | Bought a scroll of teleportation for 45 gold pieces
 15456 | D:9      | Noticed Erolcha
 16225 | D:10     | Noticed Snorg
 16237 | D:10     | Killed Snorg
 16237 | D:10     | Reached XP level 11. HP: 70/75 MP: 13/16
 16541 | D:10     | Reached *** piety under Hepliaklqana
 16703 | D:11     | Noticed a two-headed ogre
 16704 | D:11     | a two-headed ogre changed into a snapping turtle
 17424 | D:11     | Killed an unseen horror
 18342 | Lair:1   | Entered Level 1 of the Lair of Beasts
 18398 | Lair:1   | Reached skill level 5 in Invocations
 18557 | Lair:1   | Noticed a seven-headed hydra
 18566 | Lair:1   | Killed a seven-headed hydra
 18566 | Lair:1   | Reached skill level 5 in Polearms
 18566 | Lair:1   | Reached XP level 12. HP: 52/82 MP: 12/17
 18614 | Lair:1   | Found a frozen archway.
 18631 | IceCv    | Entered an ice cave
 18878 | IceCv    | Reached skill level 5 in Dodging
 20561 | IceCv    | Got translucent ice dragon scales
 20567 | IceCv    | Identified the +7 ice dragon scales of the Tired Coins
                  | {*Contam +Blink rF- rC++ MR+ MP+9} (You found it in an ice
                  | cave)
 20568 | IceCv    | Identified the +6 rapier "Zajir" {drain, Str+4} (You found
                  | it in an ice cave)
 21327 | Lair:2   | Reached **** piety under Hepliaklqana
 21778 | Lair:2   | Noticed Sonja
 21782 | Lair:2   | Killed Sonja
 21972 | Lair:2   | Reached ***** piety under Hepliaklqana
 22351 | Lair:3   | Found a hole to the Spider Nest.
 23321 | Lair:3   | Reached XP level 13. HP: 81/89 MP: 19/19
 23335 | Lair:3   | Noticed a five-headed hydra
 23340 | Lair:3   | Noticed a four-headed hydra
 23349 | Lair:3   | a five-headed hydra changed into a tyrant leech
 23411 | Lair:3   | Killed a four-headed hydra
 23443 | Lair:3   | Found a staircase to the Swamp.
 23775 | Lair:4   | Got a twitching golden ring
 23777 | Lair:4   | Identified the ring "Riwnodd" {+Fly rElec Int+3 Dex+4} (You
                  | found it on level 4 of the Lair of Beasts)
 24661 | Lair:4   | Reached skill level 1 in Shields
 24678 | Lair:4   | Noticed a four-headed hydra
 24694 | Lair:4   | Killed a four-headed hydra
 24852 | Lair:4   | Got a faintly glowing iron amulet
 25558 | Lair:5   | Found a viscous altar of Jiyva.
 25559 | Lair:5   | Found a staircase to the Slime Pits.
 26073 | Lair:5   | Reached XP level 14. HP: 41/97 MP: 16/21
 26287 | Lair:5   | Identified the amulet "Uggoarot" {Gourm rElec Dex+4} (You
                  | found it on level 4 of the Lair of Beasts)
 26464 | Lair:6   | Entered Level 6 of the Lair of Beasts
 27239 | Lair:5   | Reached skill level 10 in Stealth
 27675 | Lair:6   | Found a snail-covered altar of Cheibriados.
 28666 | Lair:6   | Got an ichor-stained robe
 29059 | Lair:6   | Reached skill level 10 in Fighting
 29263 | D:12     | Identified 2 scrolls of acquirement
 29326 | D:12     | Reached skill level 10 in Armour
 29705 | D:11     | Identified the cursed +0 robe of Uptylal {MP+9 Str+3} (You
                  | found it on level 6 of the Lair of Beasts)
 29723 | D:12     | Found a basalt altar of Yredelemnul.
 29742 | D:11     | Reached skill level 10 in Evocations
 29742 | D:11     | Reached XP level 15. HP: 98/103 MP: 22/22
 29744 | D:11     | Gained mutation: You are weak. (Str -2) [mutagenic glow]
 30211 | D:5      | Killed Grinder
 30248 | D:4      | Killed Dowan
 30255 | D:4      | Killed Duvessa
 31080 | D:12     | Found a staircase to the Orcish Mines.
 31161 | Orc:1    | Entered Level 1 of the Orcish Mines
 31192 | Orc:1    | Found a runed translucent gate.
 31193 | Orc:1    | Found a runed translucent gate.
 31193 | Orc:1    | Noticed a stone giant
 31194 | Orc:1    | Found a runed translucent gate.
 31196 | Orc:1    | Noticed Fukker's ghost (journeyman MiGl)
 31215 | Orc:1    | Reached ****** piety under Hepliaklqana
 31305 | Orc:1    | Identified the +7 chain mail of Veidi {rF- rCorr Dex+7
                  | Stlth+}
 31516 | Orc:1    | Found an iron altar of Okawaru.
 31537 | Orc:2    | Entered Level 2 of the Orcish Mines
 31723 | Orc:1    | Found a dark tunnel.
 31748 | Volcano  | Entered a volcano
 31753 | Volcano  | Gained mutation: Your body sometimes deteriorates upon
                  | taking damage. [mutagenic glow]
 32357 | Orc:2    | Reached skill level 5 in Shields
 32800 | Orc:2    | Found a staircase to the Elven Halls.
 33229 | Orc:2    | Found Iboum's Weapon Emporium.
 33229 | Orc:2    | Found Iced's Armour Boutique.
 33230 | Orc:2    | Found Letuwez's Antique Armour Shop.
 33230 | Orc:2    | Found Uvelefill's Distillery.
 33325 | Orc:2    | Bought a potion of resistance for 170 gold pieces
 33328 | Orc:2    | Bought a runed cloak for 217 gold pieces
 33344 | Orc:2    | Bought 2 potions of haste for 340 gold pieces
 33344 | Orc:2    | Bought a potion of agility for 68 gold pieces
 33344 | Orc:2    | Bought a potion of magic for 136 gold pieces
 33579 | Spider:1 | Entered Level 1 of the Spider Nest
 34129 | Lair:3   | Reached XP level 16. HP: 50/111 MP: 23/23
 36357 | Spider:2 | Noticed Agnes
 36378 | Spider:1 | Killed Agnes
 36674 | Spider:1 | Reached skill level 10 in Invocations
 37077 | Spider:3 | Learned a level 5 spell: Bolt of Magma
 37083 | Spider:3 | Learned a level 5 spell: Bolt of Draining
 37420 | Spider:3 | Reached skill level 1 in Earth Magic
 37541 | Spider:3 | Reached skill level 1 in Conjurations
 37840 | Spider:3 | Identified the +10 halberd of Ru's Condemnation {drain,
                  | +Blink} (You found it on level 3 of the Spider Nest)
 38299 | Spider:4 | Entered Level 4 of the Spider Nest
 38737 | Spider:4 | Reached XP level 17. HP: 92/117 MP: 25/25
 39396 | Spider:4 | Noticed Arachne
 39415 | Spider:4 | Killed Arachne
 41339 | Spider:4 | Reached skill level 10 in Necromancy
 41389 | Spider:4 | Got a gossamer rune of Zot
 41880 | D:13     | Noticed Azrael
 42072 | Swamp:1  | Entered Level 1 of the Swamp
 42121 | Swamp:1  | Reached XP level 18. HP: 74/124 MP: 26/26
 42778 | Swamp:1  | Reached skill level 10 in Dodging
 42821 | Swamp:1  | Reached skill level 10 in Polearms
 43779 | Swamp:2  | Found a burning altar of Makhleb.
 45536 | Swamp:4  | Entered Level 4 of the Swamp
 46213 | Swamp:4  | Noticed Louise
 46685 | D:9      | Bought a potion of brilliance for 60 gold pieces
 46685 | D:9      | Bought 2 potions of cancellation for 240 gold pieces
 46724 | D:9      | Killed Erolcha
 47074 | Swamp:4  | Reached skill level 5 in Fire Magic
 47433 | D:12     | Gained mutation: You are occasionally teleported next to
                  | monsters. [mutagenic glow]
 47511 | D:13     | Killed Azrael
 47975 | D:13     | Found an iron altar of Okawaru.
 48005 | D:13     | Noticed Kirke
 48011 | D:13     | Killed Kirke
 48034 | D:13     | Reached XP level 19. HP: 131/131 MP: 27/27
 48087 | D:13     | Found a gate to the Vaults.
 48656 | D:14     | Noticed Josephine
 48668 | D:14     | Killed Josephine
 49288 | D:15     | Entered Level 15 of the Dungeon
 49365 | D:14     | Lost mutation: You are occasionally teleported next to
                  | monsters. [potion of mutation]
 49365 | D:14     | Lost mutation: You are weak. (Str -2) [potion of mutation]
 49365 | D:14     | Lost mutation: You are dopey. (Int -2) [potion of mutation]
 49365 | D:14     | Gained mutation: Armour fits poorly on your strangely
                  | shaped body. [potion of mutation]
 49365 | D:14     | Gained mutation: You have a pair of small horns on your
                  | head. [potion of mutation]
 49397 | D:15     | Found a basalt altar of Yredelemnul.
 49498 | D:15     | Reached skill level 5 in Conjurations
 49708 | Orc:2    | Bought a potion of mutation for 136 gold pieces
 50028 | D:15     | Reached skill level 5 in Earth Magic
 50792 | D:15     | Found a staircase to the Depths.
 50978 | D:15     | Found a glowing golden altar of the Shining One.
 51737 | Elf:1    | Entered Level 1 of the Elven Halls
 51813 | Elf:1    | Found a flickering gateway to a bazaar.
 51836 | Bazaar   | Entered a bazaar
 51987 | Bazaar   | Found Iddeska's Antique Armour Shoppe.
 51998 | Bazaar   | Found Bautaotot's Gadget Shoppe.
 52000 | Bazaar   | Found Kobb's Antique Armour Shoppe.
 52007 | Bazaar   | Found Otsauky's Weapon Emporium.
 52022 | Bazaar   | Bought a runed ring mail for 112 gold pieces
 52022 | Bazaar   | Bought a runed robe for 59 gold pieces
 52022 | Bazaar   | Bought a runed ring mail for 112 gold pieces
 52028 | Bazaar   | Bought a phantom mirror for 540 gold pieces
 52028 | Bazaar   | Bought a phantom mirror for 540 gold pieces
 52039 | Bazaar   | Bought a glowing cloak for 105 gold pieces
 52066 | Bazaar   | Bought a pair of embroidered gloves for 105 gold pieces
 52462 | Elf:1    | Identified the +7 quarterstaff "Wimomih" {speed, +Rage rC++
                  | MR+ MP-9}
 54068 | Elf:2    | Found a ruined gateway.
 54428 | Elf:2    | Found Ahir Vut's Weapon Shoppe.
 54825 | Elf:2    | Found a runed translucent gate.
 54825 | Elf:2    | Found a runed translucent gate.
 54830 | Elf:2    | Found a runed translucent gate.
 54886 | Elf:2    | Noticed a Tzitzimitl
 54887 | Elf:2    | Noticed a Tzitzimitl
 54889 | Elf:2    | Reached XP level 20. HP: 136/137 MP: 29/29
 55580 | Elf:2    | Learned a level 3 spell: Regeneration
 56221 | Vaults:1 | Entered Level 1 of the Vaults
 57490 | Vaults:1 | Reached skill level 10 in Shields
 58012 | Vaults:1 | Noticed Asterion
 58021 | Vaults:1 | Killed Asterion
 58744 | D:13     | Lost mutation: Your body sometimes deteriorates upon taking
                  | damage. [potion of mutation]
 58744 | D:13     | Lost mutation: You have a pair of small horns on your head.
                  | [potion of mutation]
 58744 | D:13     | Lost mutation: You have hoof-like feet. [potion of
                  | mutation]
 58744 | D:13     | Lost mutation: Armour fits poorly on your strangely shaped
                  | body. [potion of mutation]
 58744 | D:13     | Gained mutation: You passively map a small area around you.
                  | [potion of mutation]
 58744 | D:13     | Gained mutation: Your flesh is cold resistant. (rC+)
                  | [potion of mutation]
 59581 | Swamp:4  | Reached XP level 21. HP: 126/141 MP: 30/30
 59605 | Swamp:4  | Noticed a bone dragon
 59609 | Swamp:4  | Reached skill level 1 in Charms
 59618 | Swamp:4  | Killed a bone dragon
 59627 | Swamp:4  | Got a decaying rune of Zot
 59976 | Swamp:4  | Killed Louise
 60279 | Swamp:4  | Found the +10 large shield of Ignorance {rN+ Int-4}
 60666 | Depths:1 | Entered Level 1 of the Depths
 61216 | Depths:1 | Reached skill level 5 in Spellcasting
 61325 | Depths:1 | Found a gateway to Hell.
 65705 | Elf:3    | Entered Level 3 of the Elven Halls
 65792 | Elf:3    | Reached XP level 22. HP: 127/146 MP: 31/31
 67486 | Elf:3    | Identified the +7 chain mail of the Swan {*Drain rPois
                  | rC+++ Regen+}
 67518 | Elf:3    | Cast into level 3 of the Abyss (a deep elf sorcerer)
 67537 | Abyss:3  | Killed from afar by a deep elf sorcerer (illusionary)

Levels and vault maps discovered:
D:1:      minmay_arrival_hallway, layout_basic
D:2:      layout_loops_ring, roderic_lattice_a, grunt_ministairs_2,
          minmay_pentomino_x2, uniq_sigmund, uniq_terence
D:3:      layout_rooms, lemuel_coloured_pillars_altar, first_ration
D:4:      layout_basic, minmay_temple_entry_glassed_door, st_stairs_7,
          uniq_natasha, uniq_blork_the_orc, uniq_pikel, uniq_duvessa
D:5:      layout_loops_ring, enter_ossuary_5, uniq_prince_ribbit1, uniq_grinder
D:6:      layout_rooms, lemuel_crystal_altar, nicolae_ru_sacrificial_ziggurat,
          basic_altar, uniq_edmund
D:7:      minmay_flawed_box, layout_loops_ring, okawaru_humans,
          grunt_ministairs_10
D:8:      layout_basic, vehumet_statue, lair_entry_dummy
D:9:      layout_stronghold, kennysheep_mini_moat, serial_shops,
          nicolae_shop_trees, nicolae_shop_statue_plus, shop, uniq_erolcha
D:10:     layout_loops_ring, uniq_snorg
D:11:     layout_big_octagon
D:12:     layout_basic, orc_0_dummy, hangedman_stone_soup, lemuel_hellish_altar
D:13:     layout_rooms, erik_vaults_2, basic_altar, uniq_azrael, uniq_kirke
D:14:     layout_irregular_city, hangedman_abyss_or_decor_jellyfish_corner,
          uniq_josephine
D:15:     grunt_enter_depths_magical_seal, layout_gridville, tso_altar,
          minivault_16, yredelemnul_altar_generic
Temple:   nicolae_temple_x_marks_the_god
Lair:1:   layout_misc_corridors, serial_forest, infiniplex_forest_straight_3,
          infiniplex_forest_end_3, infiniplex_forest_end_3,
          infiniplex_forest_straight_4, infiniplex_forest_lined_2,
          infiniplex_forest_end_2, infiniplex_forest_zigzag_2,
          portal_ice_cave_entry_pillars_1, infiniplex_staircase_pool_2
Lair:2:   layout_long_grid, uniq_sonja
Lair:3:   lemuel_reptile_caves, layout_loops_ring, palyth_hydra_swamp_entry,
          spider_nest_entry_web_field
Lair:4:   layout_hall_layers, hangedman_lair_generics_rect, serial_bayou_shore_b
Lair:5:   layout_roguey, dpeg_slime_entry_enclosed_altar,
          chequers_serial_rivers_room_b, bh_chokoban
Lair:6:   hangedman_lair_tendril_chambers, layout_regular_city,
          gauntlet_entry_generic, lemuel_oklob_altar
Swamp:1:  layout_falls_marsh, hangedman_swamp_diagram
Swamp:2:  layout_basic_swamp, evilmike_swamp_ruin_house_3, lemuel_altar_in_water
Swamp:3:  layout_basic_swamp, hangedman_swamp_blocks
Swamp:4:  swamp_pestilence, layout_basic_swamp, uniq_louise
Spider:1: layout_spider_delve
Spider:2: layout_spider_delve, nicolae_spider_cling_halls, uniq_agnes
Spider:3: layout_spider_delve, hangedman_stitches_earthworm
Spider:4: grunt_spider_rune_circles, special_room [special_room_bee],
          uniq_arachne
Orc:1:    layout_caves, gammafunk_ghost_fury_of_okawaru, enter_volcano_2
Orc:2:    st_orc_ogre_mass, layout_diamond_mine
Elf:1:    minmay_elf_arrival_circle, layout_loops_ring, serial_shops,
          bzr_in_the_mist, hangedman_elf_disciples
Elf:2:    layout_geoelf_octagon, portal_desolation_entry_ruin, serial_shops,
          nicolae_shop_crystal, grunt_ministairs_2, minivault_15,
          serial_sigils_hangedman_shear
Elf:3:    minmay_elf_hall_furrowed, layout_gridlike, grunt_megastairs_4
Vaults:1: ontoclasm_vaults_bender, sword_in_stone, ontoclasm_vaults_idyll,
          nicolae_vaults_little_ls, ontoclasm_vaults_ligature,
          nicolae_vaults_big_ls, vaults_mumra_minichess, vaults_room_boxed,
          v_rooms_5, nicolae_vaults_little_squares_6, v_pattern_2,
          ontoclasm_vaults_spin, nicolae_vaults_rhombus_7,
          layout_vaults_big_cross
Depths:1: layout_gridlike, hell_entry, skrybe_limestone_x,
          corexii_mini_fake_secret_closet, minmay_misc_feat_tower,
          minmay_misc_feat_nine_boxes, fountainhead, feat_on_display
Depths:2: minmay_angry_zag, layout_small_grid, rand_demon_pan_entry_8,
          special_room [special_room_mythical_zoo], hell_entry,
          hangedman_abyss_or_decor_stabs, abyss_entry,
          minmay_staircase_windowed_small
Abyss:3:  base: D:2, lemuel_flamethrower_3, grunt_abyss_rune_forest_and_sorcery

Skill      XL: |  1  2  3  4  5  6  7  8  9 10 11 12 13 14 15 16 17 18 19 20 21 22 |
---------------+-------------------------------------------------------------------+-----
Necromancy     | 1 2 3 4 5 6 7 8 9 10 11 12 | 12.0
Fighting       | 2 3 4 5 7 8 9 10 11 12 | 12.8
Armour         | 2 3 4 5 6 7 8 9 10 11 12 | 12.9
Evocations     | 2 3 4 6 7 8 9 10 11 12 | 12.8
Stealth        | 2 3 5 6 7 8 9 10 11 | 11.8
Polearms       | 1 3 5 6 7 8 9 10 11 | 11.6
Dodging        | 3 4 5 6 8 9 10 11 | 11.5
Invocations    | 3 5 6 7 8 9 10 11 12 | 12.5
Shields        | 2 4 5 6 7 8 9 10 11 | 11.4
Earth Magic    | 1 3 4 5 6 7 |  7.8
Conjurations   | 1 3 4 6 7 9 |  9.5
Fire Magic     | 4 5 6 7 8 |  8.0
Spellcasting   | 2 3 4 5 |  5.8
Charms         | 3 4 |  4.0
Bows           | |  3.0

Action                   |  1- 3 |  4- 6 |  7- 9 | 10-12 | 13-15 | 16-18 | 19-21 | 22-24 || total
-------------------------+-------+-------+-------+-------+-------+-------+-------+-------++-------
Melee: Dagger            |   152 |   168 |   330 |    93 |       |       |       |       ||   743
       Kick              |       |     2 |   111 |    45 |       |       |       |       ||   158
       Spear             |       |       |     5 |       |       |       |       |       ||     5
       Trident           |       |       |    28 |   498 |       |       |       |       ||   526
       Flail             |       |       |       |     8 |       |       |       |       ||     8
       Short sword       |       |       |       |    29 |       |       |       |       ||    29
       Demon trident     |       |       |       |   109 |   880 |  1330 |  1146 |   121 ||  3586
       Headbutt          |       |       |       |       |       |       |   139 |       ||   139
Throw: Stone             |     1 |       |       |       |       |       |       |       ||     1
       Boomerang         |       |    11 |    23 |     7 |       |       |       |       ||    41
       Javelin           |       |       |       |    25 |     3 |     9 |     3 |       ||    40
 Cast: Pain              |    37 |   103 |    34 |     2 |     4 |    32 |    16 |       ||   228
       Vampiric Draining |       |     1 |       |       |       |       |       |       ||     1
       Regeneration      |       |       |       |       |       |       |     1 |       ||     1
Invok: Recall Ancestor   |       |       |     1 |       |     1 |    10 |     6 |     1 ||    19
       Ancestor Life: Kn |       |       |       |     1 |       |       |       |       ||     1
       Idealise          |       |       |       |       |     3 |     6 |    10 |     2 ||    21
       Transference      |       |       |       |       |       |     3 |     2 |       ||     5
 Abil: Evoke Blink       |       |       |       |       |       |     3 |       |       ||     3
       Evoke Flight      |       |       |       |       |       |    12 |     1 |       ||    13
Evoke: Phial of floods   |     1 |       |     2 |     2 |     4 |     5 |     7 |     2 ||    23
       Wand              |       |       |     5 |    41 |    16 |    20 |    24 |     6 ||   112
       Box of beasts     |       |       |       |     1 |     1 |     1 |     1 |       ||     4
       Lightning rod     |       |       |       |       |     6 |    14 |    30 |     8 ||    58
       Phantom mirror    |       |       |       |       |       |       |       |     4 ||     4
  Use: Potion            |       |     4 |       |     2 |     5 |     4 |     8 |     4 ||    27
       Scroll            |       |     6 |     1 |    10 |    15 |     9 |    19 |     3 ||    63
 Stab: Sleeping          |     1 |       |     2 |    13 |    17 |    14 |    34 |     1 ||    82
       Distracted        |       |       |     1 |     7 |    15 |    24 |    20 |     5 ||    72
       Paralysed         |       |       |       |     7 |     9 |     2 |       |       ||    18
       Confused          |       |       |       |       |       |     1 |       |       ||     1
       Invisible         |       |       |       |       |       |     1 |       |       ||     1
  Eat: Chunk             |     8 |    15 |    11 |    23 |    42 |    50 |    53 |     8 ||   210
       Ration            |       |     1 |     2 |     4 |     1 |       |       |       ||     8
Armor: Robe              |    26 |     3 |    32 |       |     1 |       |    16 |       ||    78
       Skin              |       |    10 |       |    32 |       |       |       |       ||    42
       Ring mail         |       |    77 |     1 |       |       |       |    64 |     5 ||   147
       Scale mail        |       |       |    77 |   249 |       |       |       |       ||   326
       Ice dragon scales |       |       |       |    51 |   325 |   640 |       |       ||  1016
       Chain mail        |       |       |       |       |       |    25 |    51 |       ||    76
       Fire dragon scale |       |       |       |       |       |       |       |     3 ||     3
Dodge: Dodged            |    93 |   114 |   160 |   424 |   532 |   995 |   356 |    19 ||  2693
Block: Shield            |       |       |       |       |   338 |   720 |       |       ||  1058
       Large shield      |       |       |       |       |       |   118 |   717 |    99 ||   934
